Map: Overgrown Facility

Players

lllllllllllI

  • Race: Zerg Zerg
  • League: Diamond
  • Spawn Location: 7:00

Helljumper

  • Race: Zerg Zerg
  • Spawn Location: 9:00

Nightmare - Winner!

  • Race: Protoss Protoss
  • Spawn Location: 1:00

XxDepravity - Winner!

  • Race: Zerg Zerg
  • League: Gold
  • Spawn Location: 3:00

VOD

Have the link to the VOD?

Description

Enemy mass roach/queen/nydus vs mass phenix

Time

  • Played on: Feb. 7, 2019, 8:28 p.m.
  • Length: 13:15
Show
View Real Time Build Order
Export as new Build Order

lllllllllllI Zerg 

Build Orders: Hatch First 

Get SALT Encoding   

  12  0:01  Drone  
  13  0:16  Drone  
  13  0:17  Overlord  
  14  0:27  Extractor  
  14  0:28  Drone  
  15  0:46  Drone x2  
  17  0:57  Hatchery  
  16  1:04  Drone  
  16  1:05  Extractor, Drone  
  17  1:21  Spawning Pool  
  16  1:27  Drone  
  16  1:29  Drone  
  18  1:41  Drone  
  18  1:46  Drone  
  20  1:55  Drone  
  21  2:04  Overlord  
  21  2:10  Drone  
  22  2:16  Drone  
  22  2:18  Queen x2  
  22  2:22  Drone  
  28  2:31  Drone x2  
  30  2:38  Drone  
  30  2:42  Drone  
  32  2:47  Drone  
  33  3:00  Drone  
  33  3:01  Drone  
  35  3:07  Overlord  
  35  3:18  Drone  
  36  3:22  Extractor  
  36  3:25  Queen x2  
  39  3:31  Drone  
  39  3:32  Drone x4  
  44  3:41  Evolution Chamber  
  44  3:42  Roach Warren  
  42  3:51  Evolution Chamber  
  42  3:52  Drone  
  42  3:53  Drone x2  
  44  4:03  Extractor  
  44  4:04  Overlord x4  
  44  4:08  Zerg Missile Weapons Level 1  
  43  4:14  Queen  
  43  4:15  Extractor  
  44  4:19  Overlord  
  44  4:21  Zerg Ground Armor Level 1  
  44  4:26  Lair  
  44  4:31  Drone x5  
  46  4:37  Drone  
  46  4:38  Drone x2  
  52  4:52  Drone x2  
  54  4:59  Queen  
  56  5:13  Drone x3  
  56  5:14  Drone  
  60  5:27  Nydus Network  
  59  5:31  Nydus Network  
  59  5:32  Glial Reconstitution  
  59  5:33  Nydus Network  
  59  5:35  Queen  
  59  5:46  Roach  
  59  5:47  Roach x7  
  75  5:51  Overlord x3  
  75  5:55  Queen  
  77  6:03  Roach  
  77  6:04  Roach  
  81  6:07  Overseer  
  81  6:10  Overseer  
  81  6:14  Roach x2  
  81  6:15  Roach  
  87  6:44  Roach  
  87  6:45  Roach x5  
  95  6:49  Roach x2  
  97  7:21  Nydus Canal  
  97  7:22  Nydus Canal  
  95  7:23  Overlord x2, Nydus Canal  
  95  7:24  Overlord x5  
  95  7:28  Queen  
  74  7:47  Roach x7  
  74  7:48  Roach x5  
  73  8:29  Hatchery  
  40  9:50  Spawning Pool  
  40  9:51  Drone  
Show
View Real Time Build Order
Export as new Build Order

Helljumper Zerg 

Build Orders: Hatch First 

Get SALT Encoding   

  12  0:01  Drone  
  13  0:08  Drone  
  14  0:18  Overlord  
  14  0:43  Hatchery  
  14  0:48  Drone  
  14  0:51  Drone  
  14  0:55  Drone  
  16  1:03  Extractor  
  15  1:17  Spawning Pool  
  15  1:18  Drone  
  15  1:21  Drone  
  16  1:26  Drone  
  16  1:32  Drone  
  18  1:50  Drone  
  19  1:55  Drone  
  19  1:58  Drone  
  21  2:04  Queen  
  21  2:05  Queen  
  25  2:19  Roach Warren  
  25  2:22  Zergling x4  
  26  2:28  Overlord  
  26  2:35  Overlord  
  26  3:00  Lair  
  26  3:06  Queen  
  26  3:07  Drone x3  
  26  3:08  Drone  
  32  3:13  Overlord  
  32  3:29  Drone x5  
  37  3:50  Queen  
  39  3:56  Roach x5  
  39  3:58  Glial Reconstitution  
  49  4:04  Extractor  
  48  4:29  Evolution Chamber  
  47  4:42  Drone  
  47  4:43  Drone x4  
  47  4:44  Evolution Chamber  
  51  4:46  Queen, Overlord, Spine Crawler  
  51  4:47  Overlord  
  51  4:52  Overlord  
  52  4:53  Overlord  
  52  5:04  Zerg Missile Weapons Level 1  
  52  5:12  Drone x3  
  52  5:13  Drone  
  56  5:17  Tunneling Claws  
  56  5:21  Zerg Ground Armor Level 1  
  56  5:22  Drone x3  
  56  5:23  Drone  
  60  5:31  Extractor  
  60  5:32  Queen  
  60  5:35  Extractor  
  64  5:42  Roach  
  64  5:43  Roach x3  
  68  6:11  Queen  
  68  6:12  Queen  
  72  6:26  Nydus Network  
  72  6:28  Nydus Network  
  72  6:32  Roach x5  
  82  6:33  Roach x2  
  84  6:43  Spore Crawler  
  83  6:48  Spore Crawler  
  83  6:50  Spore Crawler  
  83  6:51  Spore Crawler  
  80  7:03  Spore Crawler  
  80  7:04  Spore Crawler, Drone  
  80  7:05  Drone  
  80  7:38  Roach  
  80  7:39  Roach  
  84  7:44  Nydus Canal  
  84  7:52  Nydus Canal  
  84  7:59  Overlord x4  
  82  8:19  Drone x3  
  85  8:25  Overlord x2  
  85  8:26  Overlord x2  
  80  8:42  Overlord x2  
  80  8:43  Overlord x2  
  80  8:53  Pneumatized Carapace  
  80  9:22  Zerg Missile Weapons Level 2, Zerg Ground Armor Level 2  
  71  10:06  Drone x5  
  71  10:07  Drone  
  77  10:33  Spire  
  76  10:46  Roach x4  
  76  10:47  Roach x2  
  76  10:49  Hatchery  
  87  10:54  Queen  
  87  10:56  Queen  
  91  11:02  Drone x4  
  91  11:03  Overlord  
  95  11:13  Hatchery  
  94  11:25  Overseer  
  94  11:30  Overlord x2  
  94  11:31  Overlord  
  94  11:47  Corruptor x2  
  94  11:48  Corruptor x6  
  105  12:10  Corruptor x2  
  105  12:11  Corruptor  
  67  12:25  Corruptor  
  61  12:31  Corruptor  
  60  12:39  Spore Crawler  
  60  12:40  Spore Crawler  
Show
View Real Time Build Order
Export as new Build Order

Nightmare Protoss - Winner!

Build Orders: Phoenix Opening 

Get SALT Encoding   

  1  0:00  Probe  
  12  0:05  Probe  
  14  0:15  Probe  
  15  0:24  Pylon  
  15  0:42  Gateway, Probe  
  16  0:54  Probe  
  17  0:58  Forge  
  17  1:04  Assimilator  
  17  1:06  Probe  
  18  1:18  Probe  
  19  1:30  Cybernetics Core, Probe  
  20  1:35  Photon Cannon  
  20  1:38  Zealot  
  22  1:45  Pylon  
  22  1:51  Probe  
  23  1:54  Assimilator  
  23  2:03  Probe  
  24  2:15  Probe  
  25  2:26  Stargate  
  25  2:39  Protoss Air Weapons Level 1, Nexus  
  25  2:43  Assimilator  
  25  2:45  Probe  
  26  2:58  Probe  
  27  2:59  Pylon  
  27  3:10  Probe  
  28  3:15  Phoenix  
  30  3:24  Pylon  
  30  3:37  Assimilator  
  30  3:40  Phoenix  
  32  3:43  Probe  
  33  3:51  Probe  
  33  3:58  Probe  
  33  4:01  Probe  
  35  4:05  Phoenix  
  38  4:10  Probe  
  38  4:13  Probe  
  40  4:22  Probe  
  41  4:25  Probe  
  41  4:30  Fleet Beacon  
  42  4:34  Phoenix  
  44  4:41  Probe  
  44  4:42  Probe  
  46  4:53  Phoenix, Probe  
  46  4:54  Probe  
  50  5:05  Probe  
  50  5:06  Probe  
  52  5:14  Anion Pulse-Crystals  
  52  5:15  Phoenix  
  54  5:22  Stargate  
  54  5:33  Phoenix  
  54  5:35  Probe x2  
  56  5:42  Stargate  
  58  5:46  Pylon  
  58  5:47  Probe x2  
  60  5:59  Probe  
  61  6:06  Phoenix, Protoss Air Weapons Level 2  
  61  6:07  Phoenix  
  65  6:16  Pylon  
  65  6:17  Pylon  
  65  6:29  Phoenix  
  67  6:46  Phoenix  
  69  7:14  Phoenix  
  69  7:15  Phoenix x2  
  73  7:39  Phoenix  
  50  8:33  Zealot  
  30  9:06  Protoss Air Weapons Level 3  
Show
View Real Time Build Order
Export as new Build Order

XxDepravity Zerg - Winner!

Build Orders: Hatch First 

Get SALT Encoding   

  12  0:01  Drone  
  13  0:13  Overlord  
  13  0:19  Drone  
  14  0:32  Drone x2  
  16  0:36  Drone  
  17  0:57  Hatchery  
  16  1:04  Drone x2  
  18  1:20  Spawning Pool  
  18  1:22  Extractor  
  18  1:24  Drone x2  
  18  1:38  Drone  
  19  1:44  Overlord  
  19  1:56  Drone  
  20  2:09  Queen, Zergling x2  
  20  2:10  Queen  
  20  2:11  Zergling x2  
  20  2:12  Drone  
  27  2:24  Drone x2  
  27  2:25  Metabolic Boost  
  29  2:32  Drone  
  29  2:34  Drone  
  31  2:53  Drone  
  31  2:55  Hatchery  
  31  2:58  Overlord  
  31  3:06  Drone x2  
  31  3:08  Drone x2  
  35  3:14  Overlord  
  35  3:19  Zergling x2  
  37  3:20  Zergling x6  
  37  3:22  Zergling x4  
  37  3:24  Zergling x2  
  42  3:29  Zergling x2  
  43  3:35  Drone  
  44  3:50  Drone x2  
  44  3:51  Drone  
  44  3:52  Drone  
  48  4:01  Drone  
  49  4:04  Drone  
  50  4:20  Queen  
  50  4:22  Queen  
  54  4:26  Overlord x2  
  54  4:27  Drone  
  54  4:28  Drone x3  
  54  4:30  Extractor  
  57  4:40  Evolution Chamber  
  57  4:43  Evolution Chamber  
  55  4:46  Drone x3  
  58  5:01  Overlord x2  
  58  5:04  Zergling x4  
  58  5:05  Zergling x6  
  63  5:07  Zergling x2  
  63  5:08  Zergling x2  
  65  5:18  Zergling x4  
  65  5:19  Zergling x4  
  69  5:21  Zerg Melee Weapons Level 1  
  69  5:22  Zerg Ground Armor Level 1  
  69  5:25  Lair  
  69  5:26  Drone x5  
  74  5:38  Overlord, Drone x2  
  76  6:01  Zergling x20  
  86  6:04  Extractor  
  85  6:13  Extractor  
  84  6:38  Zergling x2  
  84  6:39  Zergling x30  
  79  6:55  Drone x5  
  84  7:07  Drone  
  84  7:08  Drone x2  
  87  7:17  Spore Crawler  
  86  7:23  Baneling Nest, Spire  
  86  7:26  Drone x6  
  86  7:29  Spore Crawler  
  89  7:42  Zergling x4  
  89  7:43  Zergling x14  
  98  7:57  Zergling x2  
  98  7:59  Overlord x4  
  97  8:16  Zergling x2  
  97  8:17  Zergling x6  
  98  8:35  Extractor  
  98  8:40  Extractor  
  96  8:51  Mutalisk x12  
  120  9:01  Mutalisk  
  120  9:02  Mutalisk  
  120  9:05  Zerg Flyer Weapons Level 1  
  112  9:16  Mutalisk  
  91  9:25  Mutalisk  
  91  9:26  Mutalisk  
  95  9:32  Drone x3  
  98  9:42  Mutalisk x4  
  98  9:43  Mutalisk x2  
  108  9:50  Mutalisk x3  
  100  10:00  Mutalisk  
  96  10:08  Zergling x4  
  96  10:09  Zergling x20  
  102  10:22  Mutalisk x3  
  108  10:34  Hatchery  
  107  10:39  Zergling x2, Hatchery  
  107  10:40  Zergling x22  
  118  10:44  Zerg Melee Weapons Level 2  
  118  10:45  Zerg Ground Armor Level 2  
  118  10:53  Mutalisk  
  118  10:54  Mutalisk  
  122  11:20  Zergling x2  
  122  11:21  Zergling x14  
  122  11:23  Overlord x6  
  130  11:38  Baneling x5  
  130  11:39  Baneling x7  
  130  11:40  Baneling x4  
  130  11:41  Mutalisk x4  
  114  12:21  Mutalisk x5  
  109  12:22  Zergling x2  
  109  12:23  Zergling x22  
  114  12:38  Mutalisk x3  
  114  12:40  Zergling x2  
Tags
 
Add a new tag
Caveats
  • Supply blocks, unpowered buildings, or Contaminate may cause inaccurate times.
  • Supply counts are checked every 10 seconds.